 Dungeon Crawl Stone Soup version 0.27-a0-1060-gcb85b5eba1 (webtiles) character file.

Game seed: 17144242600982295257

1455 Nosferatu13666 the Covert (level 8, -2/40 HPs)
             Began as a Spriggan Brigand on Apr 21, 2021.
             Killed by divine providence
             ... invoked by an orc priest
              (14 damage)
             ... on level 6 of the Dungeon.
             The game lasted 00:29:50 (6937 turns).

Nosferatu13666 the Covert (Spriggan Brigand)        Turns: 6937, Time: 00:29:51

Health: -2/40      AC:  4    Str:  7    XL:     8   Next: 47%
Magic:  15/15      EV: 22    Int: 12    God:
Gold:   234        SH:  0    Dex: 19    Spells: 15/15 levels left

rFire    . . .     SeeInvis +   a - +2 dagger
rCold    . . .     Faith    .   (shield restricted)
rNeg     . . .     Spirit   .   b - +1 robe
rPois    .         Reflect  .   (helmet restricted)
rElec    .         Harm     .   c - +0 cloak
rCorr    .         Rampage  .   (gloves unavailable)
Will     +....                  (boots unavailable)
Stlth    +++++.....             (no amulet)
HPRegen  0.13/turn              (no ring)
MPRegen  0.14/turn              (no ring)

@: studying Shields, very quick
A: very small, no large weapons, unfitting armour, see invisible, speed 3
a: no special abilities


You were on level 6 of the Dungeon.
You visited 1 branch of the dungeon, and saw 6 of its levels.

You collected 234 gold pieces.

Inventory:

Hand Weapons
 a - a +2 dagger (weapon)
 j - a +0 club
 k - a +0 hunting sling
Missiles
 e - 3 poisoned darts (quivered)
Armour
 b - a +1 robe (worn)
 c - a +0 cloak (worn)
Jewellery
 s - a ring of fire
Wands
 d - a wand of mindburst (14)
 o - a wand of flame (20)
Scrolls
 g - a scroll of identify
 i - a scroll of brand weapon {unknown}
 l - 2 scrolls of fear
 n - a scroll of teleportation {unknown}
 q - a scroll of noise {unknown}
Potions
 f - a potion of flight
 h - 2 potions of attraction
 m - a potion of brilliance {unknown}
 p - a potion of curing
 r - a potion of heal wounds


   Skills:
 + Level 3.4 Fighting
 + Level 4.3 Short Blades
 + Level 4.0 Throwing
 * Level 6.9 Dodging
 * Level 10.4 Stealth
 + Level 4.0 Spellcasting


You had 15 spell levels left.
You didn't know any spells.
Your spell library contained the following spells:

 Spells                   Type           Power      Damage    Failure   Level
 Animate Skeleton         Necr           4%         N/A       22%         1
 Beastly Appendage        Tmut           4%         N/A       22%         1
 Pain                     Necr           8%         1d4       22%         1
 Wereblood                Tmut           2%         N/A       32%         2
 Spider Form              Tmut/Pois      1%         N/A       54%         3
 Vampiric Draining        Necr           1%         2d6       54%         3
 Animate Dead             Necr           1%         N/A       91%         4
 Ice Form                 Ice/Tmut       2%         N/A       91%         4
 Agony                    Necr           2%         N/A       99%         5
 Hydra Form               Tmut           1%         N/A       99%         5


Dungeon Overview and Level Annotations

Branches:
Dungeon (6/15)
 Temple: D:4-7

Altars:


Innate Abilities, Weirdness & Mutations

You are very small and have problems with some larger weapons.
You are too small for most types of armour.
You have supernaturally acute eyesight. (SInv)
You cover ground extremely quickly. (Speed+++)


Message History

The orc priest looks even sicker.
The orc priest is moderately wounded.
Throw: 3 darts (poison)
Press: ? - help, Q - select action, (/) - cycle Shift-Dir - straight line, f - orc priest, p - orc priest
Aim: an orc priest, wielding a +0 club and wearing a +0 scale mail (severely wounded, 68% to hit)
You throw a poisoned dart.
The poisoned dart barely misses the orc priest.
You feel a bit more experienced.
Your Spellcasting skill increases to level 4!
There is an open door here.
Throw: 2 darts (poison)
Press: ? - help, Q - select action, (/) - cycle Shift-Dir - straight line, f/p - orc priest
Aim: an orc priest, wielding a +0 club and wearing a +0 scale mail (severely wounded, 68% to hit)
You throw a poisoned dart. The poisoned dart hits the orc priest.
The orc priest is poisoned.
The orc priest is severely wounded.
There is an open door here.
Throw: dart (poison)
Press: ? - help, Q - select action, (/) - cycle Shift-Dir - straight line, f/p - orc priest
Aim: an orc priest, wielding a +0 club and wearing a +0 scale mail (almost dead, 68% to hit)
You throw a poisoned dart.
The poisoned dart barely misses the orc priest.
Unknown command.
There is an open door here.
You see here a +0 dagger.
The orc priest shouts!
The orc priest looks braver for a moment.
You see here a poisoned dart.
e - a poisoned dart The orc priest invokes the aid of Beogh against you.
Beogh smites you!
* * * LOW HITPOINT WARNING * * *
You hear a shout!
e - 2 poisoned darts (gained 1)
There are no items here.
e - 3 poisoned darts (gained 1)
You see here a poisoned dart.
The orc priest invokes the aid of Beogh against you.
Beogh smites you!
You die...

........#....# #
........'....# #
......((###############
#####...(....(.(..)....
#..................
#........o....o....
#..........o...)...
#..................
#.@................
#..................
#..................
#........>.........
.....############'##
...[..#.............+
......#.............#
......#.............#
#.##.##+###...#


You could see an orc priest.

Vanquished Creatures
  Pikel (D:4)
  3 centaurs
  4 lemures (D:4)
  2 scorpions
  3 orc priests
  2 jellies
  A bullfrog skeleton (D:5)
  2 centaur skeletons
  Natasha (thrice) (D:2)
  An iguana (D:5)
  2 orc wizards (D:5)
  A hound zombie (D:5)
  12 adders
  3 gnolls (D:3)
  2 adder skeletons
  An adder zombie (D:5)
  2 dart slugs (D:2)
  24 orcs
  5 ball pythons
  8 endoplasms
  4 giant cockroaches
  6 goblins
  9 hobgoblins
  3 quokkas
  A ball python skeleton (D:2)
  6 bats
  5 frilled lizards
  A jackal skeleton (D:2)
  2 jackal zombies (D:2)
  7 kobolds
  3 quokka zombies (D:2)
  4 rats
133 creatures vanquished.

Vanquished Creatures (others)
  4 withered plants
4 creatures vanquished.

Grand Total: 137 creatures vanquished

Notes
Turn   | Place    | Note
-------+----------+-------------------------------------------
     0 | D:1      | Nosferatu13666 the Spriggan Brigand began the quest for the
                  | Orb.
     0 | D:1      | Reached XP level 1. HP: 10/10 MP: 2/2
     1 | D:1      | Noticed an electric eel
   219 | D:1      | Reached skill level 6 in Stealth
   228 | D:1      | Found a faded altar of an unknown god.
   490 | D:1      | Reached XP level 2. HP: 15/15 MP: 3/3
  1439 | D:1      | Reached XP level 3. HP: 18/18 MP: 4/4
  1867 | D:2      | Reached skill level 7 in Stealth
  1939 | D:2      | Reached XP level 4. HP: 23/23 MP: 6/6
  2264 | D:2      | Noticed Natasha
  2266 | D:2      | Killed Natasha
  2267 | D:2      | Reached skill level 1 in Spellcasting
  2460 | D:2      | Noticed Natasha
  2497 | D:2      | Killed Natasha
  2595 | D:2      | Noticed Natasha
  2713 | D:2      | Reached XP level 5. HP: 25/26 MP: 8/8
  2793 | D:2      | Killed Natasha
  4415 | D:4      | Noticed Pikel
  4416 | D:4      | Noticed a lemure
  4416 | D:4      | Noticed a lemure
  4416 | D:4      | Noticed a lemure
  4416 | D:4      | Noticed a lemure
  4509 | D:4      | Killed a lemure
  4538 | D:4      | Reached skill level 8 in Stealth
  4538 | D:4      | Reached XP level 6. HP: 22/31 MP: 8/10
  5351 | D:4      | Killed Pikel
  5352 | D:4      | Reached skill level 5 in Dodging
  5352 | D:4      | Reached skill level 9 in Stealth
  5352 | D:4      | Reached XP level 7. HP: 34/35 MP: 10/12
  5589 | D:5      | Entered Level 5 of the Dungeon
  6041 | D:5      | Reached XP level 8. HP: 40/40 MP: 12/14
  6202 | D:5      | Reached skill level 10 in Stealth
  6937 | D:6      | Killed from afar by an orc priest

Illustrated notes

Levels and vault maps discovered:
D:1:      arrival_aquarium_a, layout_basic, ebering_ecumenical_altar_petrified,
          minmay_octomino_e4
D:2:      layout_basic, serial_undead, serial_undead_b, serial_undead_f,
          serial_undead_e, serial_undead_a, serial_undead_c, serial_undead_c,
          serial_undead_d, serial_undead_d, serial_undead_b, serial_undead_f,
          uniq_natasha
D:3:      layout_basic, corexii_hall_statues_i
D:4:      layout_cave_pools, uniq_pikel
D:5:      layout_rooms, kennysheep_another_room, minmay_manual_mares
D:6:      layout_gridville

Skill      XL: |  1  2  3  4  5  6  7  8 |
---------------+-------------------------+-----
Stealth        | 6 7 8 9 10 | 10.4
Dodging        | 2 3 4 5 6 |  6.9
Fighting       | 2 3 |  3.4
Spellcasting   | 1 2 3 4 |  4.0
Short Blades   | 3 4 |  4.3
Throwing       | 3 4 |  4.0

Action                   |  1- 3 |  4- 6 |  7- 9 || total
-------------------------+-------+-------+-------++-------
Melee: Dagger            |    90 |   146 |   104 ||   340
Throw: Dart              |    27 |   119 |    43 ||   189
       Throwing net      |       |     2 |       ||     2
       Boomerang         |       |       |     5 ||     5
  Use: Scroll            |     3 |     1 |     5 ||     9
       Potion            |     1 |       |     1 ||     2
 Stab: Sleeping          |    13 |    10 |     9 ||    32
       Distracted        |     1 |     2 |     1 ||     4
Armor: Robe              |     6 |    13 |     9 ||    28
Dodge: Dodged            |    49 |   122 |    89 ||   260

Table legend: (Time is in decaauts)
 A = Elapsed time spent in this place.
 B = Non-inter-level travel time spent in this place.
 C = Inter-level travel time spent in this place.
 D = Time resting spent in this place.
 E = Time spent auto-exploring this place.
 F = Levels seen in this place.
 G = Mean time per level.
                   A        B        C        D        E       F      G
               +--------+--------+--------+--------+--------+-----+--------+
         Total |   5234 |   5142 |     92 |     23 |   3536 |   6 |  872.3 |
       Dungeon |   5234 |   5142 |     92 |     23 |   3536 |   6 |  872.3 |
               +--------+--------+--------+--------+--------+-----+--------+

Top non-repeatable levels by time:
     D:1: 1230 daAuts
     D:4: 1199 daAuts
     D:2: 1078 daAuts
     D:3: 729 daAuts
     D:5: 627 daAuts
     D:6: 368 daAuts
